 Dungeon Crawl Stone Soup version 0.31-a0-1300-gb6740aa4e6 (webtiles) character file.

Game seed: 1178328029960450947

72 avis the Ducker (level 4, 23/23 HPs)
             Began as a Felid Shapeshifter on Dec 18, 2023.
             Got out of the dungeon alive.
             The game lasted 00:05:37 (1144 turns).

avis the Ducker (Felid Shapeshifter)                Turns: 1144, Time: 00:05:38

Health: 23/23      AC:  1    Str: 10    XL:     4   Next: 7%
Magic:  5/5        EV: 20    Int: 13    God:
Gold:   68         SH:  0    Dex: 18    Spells: 3/3 levels left
                                        Lives:  1   Deaths: 1

rFire   . .          .
                       - Unarmed
rCold   . . .        (shield unavailable)
rNeg    . . .        (body armour unavailable)
rPois   .            (helmet unavailable)
rElec   .            (cloak unavailable)
rCorr   .            (gloves unavailable)
SInv    +            (boots unavailable)
Will    .....        (no amulet)
Stlth   ++           (no ring)
HPRegen 0.23/turn    (no ring)
MPRegen 0.09/turn

%: no passive effects
@: beast-form
A: beast (slay +1), very small, claws 1, fangs 3, see invisible, shaggy fur 1,
stealthy paws, no weapons or thrown items, no armour, multi-lived
a: Begin Untransformation


You escaped.
You were a hulking beast.
You visited 1 branch of the dungeon, and saw 2 of its levels.

You collected 68 gold pieces.

Inventory:

Jewellery
 j - a ring of protection from cold
Talismans
 b - a beast talisman
 c - a flux talisman
 d - a beast talisman
Scrolls
 e - a scroll of amnesia {unknown}
 f - a scroll of teleportation {unknown}
 g - a scroll of poison
 h - a scroll of fog {unknown}


   Skills:
 - Level 2.0 Fighting
 * Level 5.3 Dodging
 - Level 3.0 Unarmed Combat
 - Level 2.6 Shapeshifting


You had 3 spell levels left.
You didn't know any spells.
Your spell library contained the following spells:

 Spells                   Type           Power      Damage    Failure   Level
 Apportation              Tloc           0%         N/A       30%         1
 Necrotise                Necr           0%         1d4       30%         1
 Summon Small Mammal      Summ           0%         N/A       30%         1


Dungeon Overview and Level Annotations

Branches:
Dungeon (2/15)

Altars:

Annotations:
D:2 Sigmund


Innate Abilities, Weirdness & Mutations

You are a hulking beast.
Your limbs bulge with bestial killing power. (Slay +1)
You have sharp claws.
You have razor-sharp teeth.
You have supernaturally acute eyesight. (SInv)
You are covered in fur. (AC +1)
Your paws help you pounce on unaware monsters.
You are incapable of wielding weapons or throwing items.
You cannot wear armour.
You gain extra lives every three experience levels.


Message History

* * * LOW HITPOINT WARNING * * *
The gnoll hits you but does no damage.
You aren't carrying any potions.
The air fills with toxic fumes!
As you read the scroll labelled WAYX HITIBBOST, it crumbles to dust.
It was a scroll of poison.
The gnoll hits you from afar with a +0 halberd.
* * * LOW HITPOINT WARNING * * *
The gnoll hits you but does no damage. The gnoll hits you but does no damage.
The gnoll hits you but does no damage. The gnoll hits you but does no damage.
The gnoll hits you but does no damage. The gnoll hits you but does no damage.
The gnoll hits you from afar with a +0 halberd.
* * * LOW HITPOINT WARNING * * *
The gnoll hits you from afar with a +0 halberd.
* * * LOW HITPOINT WARNING * * *
The gnoll closely misses you.
The gnoll hits you from afar with a +0 halberd.
You die...
Your shape twists and changes as you die.
You feel less wooden.
You turn into a hulking beast.
You rejoin the land of the living...
Found 19 gold pieces.
A frilled lizard comes into view.
The frilled lizard hisses angrily.
You see here 19 gold pieces.
You scratch the frilled lizard.
You kill the frilled lizard!
You now have 68 gold pieces (gained 19).
Found a scroll labelled JUOHEKHLO EMAI.
Found a stone staircase leading down.
There is a stone staircase leading up here.
You climb upwards.
There is a stone staircase leading down here.
You see here a +0 robe.
There is a staircase leading out of the dungeon here.
You have escaped!

#.###.......###.
#.#......#######
#...####..##....
#..## ##.......
######.# #..#####
##......## ##......#
#§§§≈≈≈..####..≈≈≈≈..
#.≈§≈≈≈≈......≈≈≈≈≈≈.
#.§§h>≈≈......≈≈≈≈≈≈.
#.§≈≈§§§......≈≈≈≈≈≈.
#..≈≈§≈§.......≈≈≈≈..
##...§.§...##.......#
#.........#######..##
#...................'
#.........###########
#.........# #
#.........###########


There were no monsters in sight!

Vanquished Creatures
  A gnoll (D:2)
  2 adders (D:2)
  A worm (D:2)
  A dart slug (D:1)
  3 endoplasms (D:1)
  A giant cockroach (D:1)
  6 goblins (D:1)
  A hobgoblin (D:1)
  3 jackals (D:2)
  2 kobolds (D:1)
  2 quokkas (D:2)
  5 ball pythons
  2 bats (D:1)
  5 frilled lizards
  4 rats (D:1)
39 creatures vanquished.

Notes
Turn   | Place    | Note
-------+----------+-------------------------------------------
     0 | D:1      | avis the Felid Shapeshifter began the quest for the Orb.
     0 | D:1      | Reached XP level 1. HP: 10/10 MP: 2/2
   151 | D:1      | Reached XP level 2. HP: 15/15 MP: 3/3
   260 | D:1      | Reached skill level 3 in Dodging
   475 | D:1      | Reached skill level 4 in Dodging
   703 | D:1      | Reached XP level 3. HP: 17/18 MP: 4/4
   851 | D:2      | Noticed Sigmund
  1056 | D:2      | HP: 1/27 [gnoll/+0 halberd (1)]
  1059 | D:2      | Reached skill level 5 in Dodging
  1067 | D:2      | Reached XP level 4. HP: 11/23 MP: 5/5
  1084 | D:2      | Slain by a gnoll
  1144 | D:$      | Got out of the dungeon alive.

Illustrated notes

Levels and vault maps discovered:
D:1:      dpeg_arrival_pits, layout_basic, hangedman_decor_points
D:2:      layout_rooms, shapermc_ecumenical_altar_starsandcircs,
          nicolae_shop_vocational, uniq_sigmund, uniq_natasha

Skill      XL: |  1  2  3 |
---------------+----------+-----
Fighting       | 2 |  2.0
Dodging        | 4 5 |  5.3
Unarmed Combat | |  3.0
Shapeshifting  | |  2.6

Action                     |  1- 3 |  4- 6 || total
---------------------------+-------+-------++-------
  Melee: Unarmed           |    86 |     1 ||    87
         Bite              |     3 |       ||     3
         Punch             |     1 |       ||     1
    Use: Potion            |     2 |       ||     2
         Scroll            |       |     1 ||     1
 Armour: Skin              |    39 |    17 ||    56
  Dodge: Dodged            |    62 |     1 ||    63

Table legend: (Time is in decaauts)
 A = Elapsed time spent in this place.
 B = Non-inter-level travel time spent in this place.
 C = Inter-level travel time spent in this place.
 D = Time resting spent in this place.
 E = Time spent auto-exploring this place.
 F = Levels seen in this place.
 G = Mean time per level.
                   A        B        C        D        E       F      G
               +--------+--------+--------+--------+--------+-----+--------+
         Total |   1139 |    985 |    154 |    187 |    424 |   2 |  569.5 |
       Dungeon |   1139 |    985 |    154 |    187 |    424 |   2 |  569.5 |
               +--------+--------+--------+--------+--------+-----+--------+

Top non-repeatable levels by time:
     D:1: 880 daAuts
     D:2: 259 daAuts
